Cogmind - Beta 15 @@@ ROGUE MODE // 2025.05.20 @ 20:08:01 Player: Cess183 Result: Destroyed by P-80 Master with Gamma Rifle Performance ------------- Evolutions (7) 3500 Regions Visited (9) 1800 Robots Destroyed (51) 255 Value Destroyed (1753) 1753 Prototype IDs (14) 280 Alien Tech Used (0) 0 Bonus (880) 880 TOTAL SCORE: 8468 Bonus ------- Follower Combat Kills 80 Registered with UFD 300 Met Optimus in HQ 500 Cogmind --------- Core Integrity 0/1300 Matter 290/300 Energy 205/205 System Corruption 18% Temperature Cool (0) Movement Hovering (240) Ox3 Location -3/Research Parts ------- > --- POWER (3) -------- Light Antimatter Reactor Compact Particle Reactor > --- PROPULSION (5) --- Improved Antigrav System > --- UTILITY (10) ----- Advanced Heat Sink Advanced Heat Sink Targeting Computer Targeting Computer Advanced Target Analyzer Core Analyzer > --- WEAPON (3) ------- Heavy Machine Gun Advanced Assault Cannon Companion Sword > --- INVENTORY (5) ---- Gamma Rifle Field Laser Quantum Rifle Flamer Peak State ------------ > --- POWER ------------ Light Nuclear Core Makeshift Power Source Neutrino Core > --- PROPULSION ------- Myomer Leg Advanced VSS Leg Advanced VSS Leg Advanced VSS Leg Improved Thunder Leg > --- UTILITY ---------- Large Storage Unit Improved Signal Interpreter Core Analyzer Advanced Reaction Control System Weapon Shielding Weapon Shielding Improved Focal Shield Improved Focal Shield Makeshift Hacking Suite > --- WEAPON ----------- Gauss Rifle Mini Grenade Launcher Companion Sword > --- INVENTORY -------- Improved Ion Engine Light Antimatter Reactor Compact Particle Reactor Myomer Leg Myomer Leg Myomer Leg High-capacity Matter Pod Targeting Computer Targeting Computer Beamcaster Nova Cannon Heavy Machine Gun Advanced Assault Cannon Heavy Flak Cannon Flamer [Rating: 101] Favorites ----------- Power Makeshift Power Source Engine Makeshift Power Source Power Core Light Nuclear Core Reactor Light Antimatter Reactor Propulsion Wheel Treads Light Treads Leg Advanced VSS Leg Wheel Wheel Hover Unit Combat Airjet Flight Unit Xenon Bombardment Thruster Utility Large Storage Unit Device Seismic Detector Storage Large Storage Unit Processor Improved Signal Interpreter Hackware Makeshift Hacking Suite Protection Weapon Shielding Weapon Mini Grenade Launcher Energy Gun Beamcaster Ballistic Gun Assault Rifle Ballistic Cannon Advanced Assault Cannon Launcher Mini Grenade Launcher Special Weapon Flamer Slashing Weapon Companion Sword Build | -11 -10 -10 -10 -7 -5 -4 -4 -4 -3 ------- Run | Yrd Mat Min Sub Scr Fac Fac Upp Upp Res Slots Evolved 14 | . . . . . 10 2 . . 2 Power 2 | . . . . . 1 . . . 1 Propulsion 3 | . . . . . 2 . . . 1 Utility 8 | . . . . . 6 2 . . . Weapon 1 | . . . . . 1 . . . . Parts Attached 76 | 7 1 15 1 2 9 7 3 1 30 Power 17 | 1 . 3 . 1 1 2 1 1 7 Engine 8 | 1 . 3 . 1 1 1 . . 1 Core 3 | . . . . . . 1 1 1 . Reactor 6 | . . . . . . . . . 6 Propulsion 26 | 2 . 8 . . . 3 1 . 12 Treads 2 | . . 2 . . . . . . . Leg 12 | . . . . . . 3 1 . 8 Wheel 6 | 2 . 4 . . . . . . . Hover 3 | . . 2 . . . . . . 1 Flight 3 | . . . . . . . . . 3 Utility 20 | 2 1 1 . 1 6 1 1 . 7 Device 10 | 1 . 1 . 1 2 1 . . 4 Storage 2 | 1 1 . . . . . . . . Processor 5 | . . . . . 1 . 1 . 3 Hackware 1 | . . . . . 1 . . . . Protection 2 | . . . . . 2 . . . . Artifact . | . . . . . . . . . . Weapon 13 | 2 . 3 1 . 2 1 . . 4 Energy Gun 1 | . . 1 . . . . . . . Energy Cannon . | . . . . . . . . . . Ballistic Gun 6 | 2 . 1 . . . 1 . . 2 Ballistic Cannon 2 | . . . . . 1 . . . 1 Launcher 2 | . . 1 1 . . . . . . Special Weapon 1 | . . . . . . . . . 1 Impact Weapon . | . . . . . . . . . . Slashing Weapon 1 | . . . . . 1 . . . . Piercing Weapon . | . . . . . . . . . . Special Melee Weapon . | . . . . . . . . . . Unidentified Prototypes 2 | . . . . . 1 . . . 1 Parts Lost 46 | . . 6 . . . 4 2 . 34 Power 11 | . . 1 . . . 1 1 . 8 Propulsion 18 | . . 2 . . . 1 . . 15 Utility 11 | . . 1 . . . 1 1 . 8 Weapon 6 | . . 2 . . . 1 . . 3 Highest Loss Streak 24 | . . 3 . . . 2 2 . 24 To Critical Strikes . | . . . . . . . . . . Average Backups 11 | 4 8 10 14 14 10 11 10 11 10 Power 1 | 1 2 1 3 1 . 1 1 2 1 Propulsion . | 2 4 2 . . . . . . 1 Utility 5 | . 1 4 8 9 5 4 4 4 2 Weapon 3 | . 1 2 3 3 4 5 5 5 4 Tool/Special . | . . . . . . . . . . Unused Backups 20 | 1 1 4 . 6 . . . . 8 Power 1 | . . . . 1 . . . . . Propulsion 6 | 1 . 2 . . . . . . 3 Utility 6 | . 1 1 . 3 . . . . 1 Weapon 7 | . . 1 . 2 . . . . 4 Tool/Special . | . . . . . . . . . . Average Slot Usage (%) 91 | . 100 96 100 99 78 90 87 84 70 Engine 9 | . 14 12 14 14 10 8 1 . 2 Core 1 | . . . . . . 1 8 10 4 Leg 5 | . . . . . . 12 19 21 14 Wheel 14 | . 28 12 28 28 11 4 . . . Hover 3 | . . 14 . . . . . . . Device 12 | . 14 12 14 13 15 20 11 5 7 Storage 10 | . 14 14 14 14 5 5 5 5 2 Processor 3 | . . . . . 4 5 8 10 10 Hackware 1 | . . . . . 3 5 5 5 1 Protection 2 | . . . . . 5 9 10 10 5 Energy Gun 1 | . . 3 5 . . . . . . Ballistic Gun 4 | . 28 10 . . . . 5 5 3 Launcher 14 | . . 12 22 28 11 9 5 5 2 Slashing Weapon 1 | . . . . . 4 5 5 5 3 Peak Build Rating 101 | 7 8 19 18 17 53 82 84 70 101 Average Rating 36 | 5 7 15 16 15 48 77 80 70 72 On Entrance 33 | . 7 8 18 15 17 53 80 70 70 Naked Turns . | . . . . . . . . . . Heaviest Build 71 | 13 28 36 36 35 52 58 60 52 71 Greatest Support 128 | 26 26 40 20 20 20 54 74 74 128 Greatest Overweight (x) 12 | 2 1 2 1 1 2 2 1 . 12 Average Overweight (x) . | . . 1 1 1 1 1 . . . Largest Inventory Capacity 15 | 8 15 15 15 15 15 15 15 15 15 Average Capacity 14 | 7 13 15 15 15 15 15 15 15 11 Most Carried 15 | 8 10 15 15 15 15 13 11 12 15 Average Carried 11 | 4 8 10 14 14 10 11 10 11 10 Final Capacity 15 | 8 15 15 15 15 15 15 15 15 5 Final Carried 15 | 8 10 15 14 15 13 11 11 12 4 Class Distribution -------------------- 74% | Scavenger-Mutant 22% | Mutant Dominant Class ---------------- Mutant | -10/Materials Scavenger-Mutant | -10/Mines Scavenger-Mutant | -10/Subcaves Scavenger-Mutant | -7/Scraptown Scavenger-Mutant | -5/Factory Mutant | -4/Factory Scavenger-Mutant | -4/Upper Caves Scavenger-Mutant | -4/Upper Caves Scavenger-Mutant | -3/Research Resources | -11 -10 -10 -10 -7 -5 -4 -4 -4 -3 ----------- Run | Yrd Mat Min Sub Scr Fac Fac Upp Upp Res Matter Collected 2962 | 434 50 545 38 244 234 . 988 66 363 Remotely . | . . . . . . . . . . Salvage Created 1691 | 202 18 170 122 . 34 38 189 . 918 Parts 103 | 20 2 18 9 . 1 6 6 . 41 Haulers Intercepted . | . . . . . . . . . . Recyclers Shooed 1 | . . 1 . . . . . . . Parts Field Recycled . | . . . . . . . . . . Retrieved Matter . | . . . . . . . . . . Parts Self-Destructed 20 | . . . 5 . . . 6 9 . Prevented 1 | . . . . . . . . 1 . Kills | -11 -10 -10 -10 -7 -5 -4 -4 -4 -3 ------- Run | Yrd Mat Min Sub Scr Fac Fac Upp Upp Res Combat Hostiles Destroyed 37 | . 1 7 8 . . 5 2 . 14 Melee 15 | . . . . . . . 2 . 13 Guns 5 | . 1 4 . . . . . . . Cannons 1 | . . . . . . . . . 1 AOE 16 | . . 3 8 . . 5 . . . Classes Destroyed 12 | 3 1 2 1 . 1 . 1 . 3 Worker 4 | 2 . 1 . . . 1 . . . Tunneler 11 | 6 . 5 . . . . . . . Recycler 1 | 1 . . . . . . . . . Watcher 1 | . . . . . 1 . . . . Swarmer 13 | . 1 3 2 . . 5 . . 2 Grunt 5 | . . . . . . . 2 . 3 Sentry 2 | . . . . . . . . . 2 Demolisher 1 | . . 1 . . . . . . . Hunter 4 | . . . . . . . . . 4 Programmer 3 | . . . . . . . . . 3 Subdweller 6 | . . . 6 . . . . . . Decomposer 2 | . . . . . . . 2 . . Assembled 3 | . . 3 . . . . . . . Best Kill Streak 7 | 3 1 3 7 . 1 6 1 . 3 Combat Bots Only 7 | . 1 3 7 . . 5 1 . 3 Max Kills in Single Turn 2 | 1 1 1 2 . 1 2 1 . 1 Gunslinging . | . . . . . . . . . . Exploded 2 | . . 1 2 . . 2 . . . Melee 1 | . . . . . . . 1 . 1 Uniques/NPCs Destroyed . | . . . . . . . . . . Combat | -11 -10 -10 -10 -7 -5 -4 -4 -4 -3 -------- Run | Yrd Mat Min Sub Scr Fac Fac Upp Upp Res Hostile Shots Fired 536 | . 18 53 10 . . 32 18 2 403 Missed 171 | . 5 17 3 . . 14 5 . 127 Hits 365 | . 13 36 7 . . 18 13 2 276 Melee 2 | . . 2 . . . . . . . Projectile 363 | . 13 34 7 . . 18 13 2 276 AOE 4 | . . 4 . . . . . . . Critical Strikes 13 | . . . . . . 1 1 . 11 Actively Blocked 2 | . . . . . . . 1 . 1 Damage Taken 6511 | . 104 746 171 . . 594 251 23 4622 Core 1628 | . 22 148 46 . . 73 21 13 1305 Absorbed by Shields . | . . . . . . . . . . Redirected to Shielding 106 | . . . . . . 26 21 . 59 Ignored by Resistances 651 | . . . . . . 50 . 9 592 Core Remaining (%) 75 | 100 . . . 13 100 . . 90 . Volleys Fired 106 | 19 6 55 13 . . 6 1 . 6 Largest 3 | 2 2 2 2 . . 2 1 . 3 Hottest 170 | 40 40 105 63 . . 63 28 . 170 Shots Fired 161 | 38 12 66 21 . . 9 1 . 14 Gun 118 | 38 12 60 . . . 1 1 . 6 Cannon 6 | . . . . . . . . . 6 Launcher 35 | . . 6 21 . . 8 . . . Special 2 | . . . . . . . . . 2 Kinetic 123 | 38 12 59 . . . 1 1 . 12 Thermal 3 | . . 1 . . . . . . 2 Explosive 35 | . . 6 21 . . 8 . . . Electromagnetic . | . . . . . . . . . . Robot Hit Streak 7 | 6 1 7 4 . . 2 2 . 5 Robot Miss Streak 6 | 3 2 6 2 . . 1 . . 2 Penetration Max . | . . . . . . . . . . Secondary Targets 1 | . 1 . . . . . . . . Max Gunslinging Chain 1 | . 1 . . . . . . . . Shots Hit Robots 147 | 22 5 37 5 . 1 3 6 . 68 Core Hits 92 | 9 1 24 12 . 1 12 4 . 29 Critical Kills . | . . . . . . . . . . Critical Parts Destroyed . | . . . . . . . . . . Critical Strikes . | . . . . . . . . . . Melee Attacks 87 | . . . . . 1 . 7 . 79 Impact . | . . . . . . . . . . Slashing 87 | . . . . . 1 . 7 . 79 Piercing . | . . . . . . . . . . Sneak Attacks 6 | . . . . . . . 2 . 4 Combat Hostiles 4 | . . . . . . . . . 4 Follow-up Attacks 2 | . . . . . . . . . 2 Damage Inflicted 5755 | 275 62 632 967 . 34 717 325 . 2743 Guns 819 | 275 62 359 . . . 18 20 . 85 Cannons 103 | . . . . . . . . . 103 Explosions 1939 | . . 273 967 . . 699 . . . Melee 2872 | . . . . . 34 . 305 . 2533 Ramming . | . . . . . . . . . . Kinetic 922 | 275 62 359 . . . 18 20 . 188 Thermal 378 | . . . . . . 356 . . 22 Explosive 1583 | . . 273 967 . . 343 . . . Electromagnetic . | . . . . . . . . . . Impact . | . . . . . . . . . . Slashing 2872 | . . . . . 34 . 305 . 2533 Piercing . | . . . . . . . . . . Highest Corruption 17 | . . . . . . . 1 1 17 Average Corruption 4 | . . . . . . . 1 1 11 Corruption Purged . | . . . . . . . . . . Corruption Blocked . | . . . . . . . . . . Effects 18 | . . . . . . . 4 1 13 Message Errors 6 | . . . . . . . 2 . 4 Matter Fused 5 | . . . . . . . . 1 4 Energy Discharges 3 | . . . . . . . 1 . 2 Parts Rejected 1 | . . . . . . . . . 1 Data Loss (minor) 2 | . . . . . . . 1 . 1 Data Loss (major) 1 | . . . . . . . . . 1 Overload Shots . | . . . . . . . . . . Overflow Damage 295 | . . . 41 . . 141 82 . 31 Projectiles . | . . . . . . . . . . Explosions 182 | . . . 41 . . 141 . . . Melee 113 | . . . . . . . 82 . 31 Knockbacks 2 | . . . . . . . . . 2 Impact . | . . . . . . . . . . Kinetic 2 | . . . . . . . . . 2 Secondary . | . . . . . . . . . . Self-Inflicted Damage 452 | . . 139 60 . . 253 . . . Shots 9 | . . 3 2 . . 4 . . . Rammed . | . . . . . . . . . . Targets Rammed . | . . . . . . . . . . Kicked . | . . . . . . . . . . Crushed . | . . . . . . . . . . Highest Temperature 51 | . . 51 . . . 9 . . 14 Average Temperature 20 | . . 23 . . . 9 . . 14 Received Heat Transfer 361 | . . . 15 . . 63 99 . 184 Siege Activations . | . . . . . . . . . . Martial Activations . | . . . . . . . . . . Shielding Activations . | . . . . . . . . . . Robots Disrupted 1 | . . . . . . . . . 1 Combat Hostiles 1 | . . . . . . . . . 1 Robots Corrupted . | . . . . . . . . . . Combat Hostiles . | . . . . . . . . . . Parts Fried . | . . . . . . . . . . Impact Corruptions . | . . . . . . . . . . Robots Melted . | . . . . . . . . . . Combat Hostiles . | . . . . . . . . . . Parts Melted 1 | . . . . . . 1 . . . Heat Transferred 510 | . . . . . . 350 . . 160 Parts Sabotaged . | . . . . . . . . . . Parts Stolen . | . . . . . . . . . . Parts Stripped . | . . . . . . . . . . Power Chain Reactions . | . . . . . . . . . . Alert | -11 -10 -10 -10 -7 -5 -4 -4 -4 -3 ------- Run | Yrd Mat Min Sub Scr Fac Fac Upp Upp Res Maximum Alert Level 1 | . . . . . . 1 . . . Low Security (%) 99 | 100 100 100 . . 100 90 . . 100 Level 1 . | . . . . . . 9 . . . Level 2 . | . . . . . . . . . . Level 3 . | . . . . . . . . . . Level 4 . | . . . . . . . . . . Level 5 . | . . . . . . . . . . High Security . | . . . . . . . . . . Max Security . | . . . . . . . . . . Peak Influence 215 | 5 30 74 . . 7 215 . . 70 Initial 70 | . 3 11 . . . . . . 70 Average 10 | 1 . 5 . . . 45 . . 16 Influence Increases 1129 | 45 35 160 40 . 7 257 70 135 380 Destroy 0b10 Robot/C 640 | . 20 80 40 . . 100 40 80 280 Destroy 0b10 Robot/NC 85 | 45 . 30 . . 5 5 . . . Destroy Leader 112 | . 10 10 . . 2 10 . 10 70 Allied During Kill 45 | . . . . . . . . 45 . Successful Hack 17 | . 5 . . . . 12 . . . Disable Machine 60 | . . . . . . 60 . . . Destroy Structure 110 | . . 40 . . . 70 . . . Lose Combat Pursuer 60 | . . . . . . . 30 . 30 Influence Decreases 1129 | 40 10 188 42 . 7 92 235 30 485 Entered New Map 120 | . 2 19 2 . . . 62 . 35 Time Decay 742 | 40 8 159 40 . 7 52 160 30 246 Lost Part 267 | . . 10 . . . 40 13 . 204 Squads Dispatched 8 | . 1 . . . 1 1 . . 5 Investigation 2 | . . . . . . . . . 2 Extermination 3 | . . . . . 1 . . . 2 Reinforcement 3 | . 1 . . . . 1 . . 1 Assault . | . . . . . . . . . . Garrison . | . . . . . . . . . . Intercept . | . . . . . . . . . . Searches Triggered . | . . . . . . . . . . Construction Impeded . | . . . . . . . . . . Haulers Reinforced . | . . . . . . . . . . Active Scanning Responses . | . . . . . . . . . . Cargo Convoy Interrupts . | . . . . . . . . . . Stealth | -11 -10 -10 -10 -7 -5 -4 -4 -4 -3 --------- Run | Yrd Mat Min Sub Scr Fac Fac Upp Upp Res Distress Signals 4 | . 2 1 . . . 1 . . . Communications Jammed . | . . . . . . . . . . Distress Signals . | . . . . . . . . . . Times Spotted 69 | . 9 9 9 . 1 11 4 3 23 Peak Tracking Total 8 | . 8 3 3 . 1 6 1 4 7 Tactical Retreats 4 | . . . . . . . 2 . 2 Traps | -11 -10 -10 -10 -7 -5 -4 -4 -4 -3 ------- Run | Yrd Mat Min Sub Scr Fac Fac Upp Upp Res Traps Triggered 1 | . . . . . . . . . 1 Indirectly . | . . . . . . . . . . Trap Hack Attempts . | . . . . . . . . . . Triggered . | . . . . . . . . . . Disarmed . | . . . . . . . . . . Reprogrammed . | . . . . . . . . . . Reused . | . . . . . . . . . . Traps Extracted . | . . . . . . . . . . Installed . | . . . . . . . . . . Triggered . | . . . . . . . . . . Machines | -11 -10 -10 -10 -7 -5 -4 -4 -4 -3 ---------- Run | Yrd Mat Min Sub Scr Fac Fac Upp Upp Res Machines Disabled 5 | . 1 . . . . 4 . . . Max in Single Turn 4 | . 1 . . . . 4 . . . Machines Repaired . | . . . . . . . . . . Machines Dismantled . | . . . . . . . . . . Machines Sabotaged . | . . . . . . . . . . Overloaded Fab Kills . | . . . . . . . . . . Hacking | -11 -10 -10 -10 -7 -5 -4 -4 -4 -3 --------- Run | Yrd Mat Min Sub Scr Fac Fac Upp Upp Res Machines Accessed 15 | . 2 . . 7 3 1 . . 2 Terminals 6 | . 2 . . . 3 1 . . . Fabricators . | . . . . . . . . . . Repair Stations . | . . . . . . . . . . Recycling Units 2 | . . . . . . . . . 2 Scanalyzers . | . . . . . . . . . . Garrison Access . | . . . . . . . . . . Total Hacks 37 | . 6 . . 17 9 2 . . 3 Successful 26 | . 2 . . 17 4 1 . . 2 Failed 11 | . 4 . . . 5 1 . . 1 Catastrophic . | . . . . . . . . . . Database Lockouts . | . . . . . . . . . . Manual 20 | . 6 . . 1 8 2 . . 3 Terminals 17 | . 6 . . . 9 2 . . . Fabricators . | . . . . . . . . . . Repair Stations . | . . . . . . . . . . Recycling Units 3 | . . . . . . . . . 3 Scanalyzers . | . . . . . . . . . . Garrison Access . | . . . . . . . . . . Terminal Hacks 18 | . . . . 17 1 . . . . Record 10 | . . . . 10 . . . . . Robot Analysis 5 | . . . . 5 . . . . . Open Door 1 | . . . . 1 . . . . . Emergency Access Points 1 | . . . . . 1 . . . . Proto ID Catalog 1 | . . . . 1 . . . . . Fabricator Hacks . | . . . . . . . . . . Repair Station Hacks . | . . . . . . . . . . Recycling Unit Hacks . | . . . . . . . . . . Scanalyzer . | . . . . . . . . . . Garrison Access Hacks . | . . . . . . . . . . Unauthorized Hacks 8 | . 2 . . . 3 1 . . 2 Terminals 6 | . 2 . . . 3 1 . . . Assimilate 1 | . . . . . . 1 . . . Botnet 4 | . 2 . . . 2 . . . . Operators 1 | . . . . . 1 . . . . Fabricators . | . . . . . . . . . . Repair Stations . | . . . . . . . . . . Recycling Units 2 | . . . . . . . . . 2 Fedlink 2 | . . . . . . . . . 2 Scanalyzers . | . . . . . . . . . . Garrison Access . | . . . . . . . . . . Data Cores Recovered . | . . . . . . . . . . Used . | . . . . . . . . . . Hacking Detections 4 | . 2 . . . 1 1 . . . Full Trace Events . | . . . . . . . . . . Feedback Events . | . . . . . . . . . . Feedback Blocked . | . . . . . . . . . . Robot Schematics Acquired . | . . . . . . . . . . Robots Built . | . . . . . . . . . . Authchips . | . . . . . . . . . . Time . | . . . . . . . . . . Total Robot Build Rating . | . . . . . . . . . . Part Schematics Acquired . | . . . . . . . . . . Parts Built . | . . . . . . . . . . Authchips . | . . . . . . . . . . Time . | . . . . . . . . . . Total Part Build Rating . | . . . . . . . . . . Parts Repaired . | . . . . . . . . . . Time . | . . . . . . . . . . Parts Recycled . | . . . . . . . . . . Recycled Matter . | . . . . . . . . . . Retrieved Matter . | . . . . . . . . . . Retrieved Components . | . . . . . . . . . . Parts Scanalyzed . | . . . . . . . . . . Part Schematics Acquired . | . . . . . . . . . . Parts Damaged . | . . . . . . . . . . Bothacking | -11 -10 -10 -10 -7 -5 -4 -4 -4 -3 ------------ Run | Yrd Mat Min Sub Scr Fac Fac Upp Upp Res Used RIF Installer . | . . . . . . . . . . Robots Hacked . | . . . . . . . . . . Non-combat . | . . . . . . . . . . Combat . | . . . . . . . . . . Robot Hacks Applied . | . . . . . . . . . . Relay Couplers Released . | . . . . . . . . . . Fabnet Peak Effective % . | . . . . . . . . . . Robots Rewired . | . . . . . . . . . . Allies Hacked . | . . . . . . . . . . Hacks Repelled . | . . . . . . . . . . Allies | -11 -10 -10 -10 -7 -5 -4 -4 -4 -3 -------- Run | Yrd Mat Min Sub Scr Fac Fac Upp Upp Res Total Allies 5 | . . . . . . . 5 . . Largest Group 5 | . . . . . . . 5 5 5 Highest-Rated Group 238 | . . . . . . . 238 238 235 Highest-Rated Ally 50 | . . . . . . . 50 50 47 Total Orders . | . . . . . . . . . . Ally Attacks 14 | . . . . . . . . 14 . Total Damage 264 | . . . . . . . . 264 . Kills 4 | . . . . . . . . 4 . Allies Corrupted 1 | . . . . . . . . . 1 Allies Melted . | . . . . . . . . . . Intel | -11 -10 -10 -10 -7 -5 -4 -4 -4 -3 ------- Run | Yrd Mat Min Sub Scr Fac Fac Upp Upp Res Active Infowar (turns) 4781 | 142 315 1253 497 1682 357 345 190 . . Sensors 885 | . . . . . 350 345 190 . . Seismic 4557 | 142 315 1253 497 1682 357 311 . . . Robot Analysis Total 5 | . . . . 5 . . . . . Derelict Logs Recovered 3 | . . 2 . . . . 1 . . Drone Launches . | . . . . . . . . . . Drone Recoveries . | . . . . . . . . . . Exploration | -11 -10 -10 -10 -7 -5 -4 -4 -4 -3 ------------- Run | Yrd Mat Min Sub Scr Fac Fac Upp Upp Res Turns Passed 6601 | 233 315 1404 497 1683 357 345 800 107 860 Spaces Moved 5172 | 172 228 914 466 1738 265 166 697 106 420 Core 35 | 30 . . . . . . . . 5 Treads 2 | . . 2 . . . . . . . Legs 1274 | . . . . . . 124 697 106 347 Wheels 3366 | 142 228 485 466 1738 265 42 . . . Hover 428 | . . 427 . . . . . . 1 Flight 67 | . . . . . . . . . 67 Fastest Speed 50 | 50 90 77 95 95 95 90 90 97 97 Average Speed 107 | 91 99 119 95 95 109 159 109 97 137 Slowest Speed 650 | 150 105 160 95 95 110 270 180 97 650 Overloaded Moves . | . . . . . . . . . . Propulsion Burnouts . | . . . . . . . . . . Robots Hopped . | . . . . . . . . . . Potential Cave-ins . | . . . . . . . . . . Cave-ins Triggered . | . . . . . . . . . . Exploration Rate (%) 34 | 6 34 99 18 92 5 5 68 10 8 Regions Visited 9 Branch Regions 5 Pre-discovered Areas 7 | . . 3 1 1 . . 1 . 1 Known Exits Taken 4 | . . . . . 1 1 1 1 . Unknown Exits Taken 5 | 1 1 1 1 1 . . . . . Scrap Searched 8 | . . 1 . 5 . . 2 . . Spaces Dug 53 | . . 11 42 . . . . . . Terrain Destroyed 262 | . . 62 145 . . 55 . . . Melee . | . . . . . . . . . . Projectile 1 | . . 1 . . . . . . . AOE 261 | . . 61 145 . . 55 . . . Terrain Rammed . | . . . . . . . . . . Walls Destroyed . | . . . . . . . . . . Machines Disabled . | . . . . . . . . . . Actions | -11 -10 -10 -10 -7 -5 -4 -4 -4 -3 --------- Run | Yrd Mat Min Sub Scr Fac Fac Upp Upp Res Total 5923 | 207 304 1161 498 1773 330 236 723 109 582 Wait 386 | . 65 146 17 16 48 56 14 3 21 Move 5163 | 171 227 913 465 1737 264 165 696 105 420 Hop . | . . . . . . . . . . Pick Up 63 | 9 3 19 . 8 6 1 1 . 16 Fast Attach 28 | 7 . 2 . . 1 3 1 . 14 Attach 34 | . . 4 . 1 7 3 2 . 17 Detach 1 | . . . . . 1 . . . . Swap 25 | . 1 10 2 1 1 2 1 1 6 Drop 30 | 1 2 12 1 8 1 . . . 5 Fire 106 | 19 6 55 13 . . 6 1 . 6 Melee 85 | . . . . . 1 . 7 . 77 Ram . | . . . . . . . . . . Kick . | . . . . . . . . . . Crush . | . . . . . . . . . . Escape Stasis . | . . . . . . . . . . Rewire 2 | . . . . 2 . . . . . Trap . | . . . . . . . . . . Miscellaneous . | . . . . . . . . . . Route ------- -11/Scrapyard -10/Materials -10/Mines (discovered 3 exits: [*Mat x2] / [*Sub]) -10/Subcaves -7/Scraptown (discovered 2 exits: *Fac x2) -5/Factory -4/Factory -4/Upper Caves -4/Upper Caves -3/Research History --------- Turn | Location | Event 7 | -11/Scrapyard | Discovered new exit (range 16) 234 | -11/Scrapyard | Entered Materials 300 | -10/Materials | Build established: Mutant 509 | -10/Materials | Discovered new exit (range 6) 549 | -10/Materials | Entered Mines 550 | -10/Mines | Assembled infested the area 661 | -10/Mines | Lost 3 parts (1p1n1w) 668 | -10/Mines | Core integrity fell below 50% 719 | -10/Mines | Learned location of Zion (-7) 916 | -10/Mines | Found a damaged Exp. Sensor Array with a note attached 922 | -10/Mines | Found Prototype Device 992 | -10/Mines | Learned location of Storage (-7) 997 | -10/Mines | Discovered new exit (range 10) 1192 | -10/Mines | Build established: Scavenger-Mutant 1264 | -10/Mines | Received a Rocket Launcher from a helpful Derelict 1471 | -10/Mines | Discovered new exit (range 10) 1537 | -10/Mines | Joined a pair of Derelicts in attacking an 0b10 outpost 1947 | -10/Mines | Discovered new exit (range 5) 1953 | -10/Mines | Entered Subcaves 1954 | -10/Subcaves | Approached by a straggling Scientist 1969 | -10/Subcaves | Scientist uncovered a shortcut to Scraptown 2028 | -10/Subcaves | Met a Zionite searching for "candidates" 2154 | -10/Subcaves | A swath of the cavern ceiling suddenly collapsed 2346 | -10/Subcaves | Ambushed by Subdweller buried in earth 2353 | -10/Subcaves | Ambushed by Subdweller buried in earth 2353 | -10/Subcaves | Ambushed by Subdweller buried in earth 2353 | -10/Subcaves | Ambushed by Subdweller buried in earth 2361 | -10/Subcaves | Core integrity fell below 20% 2383 | -10/Subcaves | Destroyed 7 combat bots 2450 | -10/Subcaves | Entered Scraptown 2535 | -7/Scraptown | Heard Great Nut preacher, LISTEN AND RECITE! 2676 | -7/Scraptown | Discovered new exit (range 7) 2767 | -7/Scraptown | Visited Red Mages 2807 | -7/Scraptown | Visited Shadow of the Wyrm 2827 | -7/Scraptown | Visited SPCMW 2846 | -7/Scraptown | Visited Fellowship of the Rings 2892 | -7/Scraptown | Visited Assassins FH 2931 | -7/Scraptown | Visited The Evicted 3235 | -7/Scraptown | Visited Cyclists 3286 | -7/Scraptown | Visited UFD Registry 3286 | -7/Scraptown | Registered with UFD as "Powerchassis" 3333 | -7/Scraptown | Entered Cyclist Reading Room 3402 | -7/Scraptown | Visited Sword Containment 3436 | -7/Scraptown | Visited Analyses Database 3467 | -7/Scraptown | Visited Scrapoid Research Area 3687 | -7/Scraptown | Visited Curators Association 3705 | -7/Scraptown | Visited Derelict Rescue Squad 3738 | -7/Scraptown | Visited Scrap Suit Storage 3784 | -7/Scraptown | Visited Infowarlord's Domain 3784 | -7/Scraptown | Identified Exp. Sensor Array 3816 | -7/Scraptown | Visited Scrapoid Pod Storage 3822 | -7/Scraptown | Found Scrapoid Pod 3843 | -7/Scraptown | Visited Science Guys 3930 | -7/Scraptown | Discovered new exit (range 5) 4056 | -7/Scraptown | Met Optimus 4056 | -7/Scraptown | Accepted into 0bPrime 4133 | -7/Scraptown | Entered Factory 4133 | -5/Factory | Evolved 10 slots: Power x1, Propulsion x2, Utility x6, Weapon x1 4385 | -5/Factory | Discovered new exit (range 15) 4457 | -5/Factory | Identified exit to Factory 4490 | -5/Factory | Entered another Factory area 4490 | -4/Factory | Evolved 2 slots: Utility x2 4794 | -4/Factory | Discovered new exit (range 14) 4833 | -4/Factory | Identified exit to Upper Caves 4835 | -4/Factory | Entered Upper Caves 4848 | -4/Upper Caves | Build established: Mutant 4940 | -4/Upper Caves | Learned location of Quarantine (-3) 5329 | -4/Upper Caves | Build established: Scavenger-Mutant 5516 | -4/Upper Caves | Discovered new exit (range 14) 5550 | -4/Upper Caves | Identified exit to Upper Caves 5600 | -4/Upper Caves | Scrapoid Pod released 04U07-D (x5) 5635 | -4/Upper Caves | Entered another Upper Caves area 5635 | -4/Upper Caves | Accompanied by 5 allies 5648 | -4/Upper Caves | Discovered new exit (range 8) 5653 | -4/Upper Caves | Identified exit to Research 5742 | -4/Upper Caves | Entered Research 5742 | -3/Research | Accompanied by 5 allies 5742 | -3/Research | Evolved 2 slots: Power x1, Propulsion x1 5874 | -3/Research | Lost 4 allies 5946 | -3/Research | Loaded intel: 5 recycling unit locations 6113 | -3/Research | Learned location of Protoforge (-3) 6202 | -3/Research | Lost 6 parts (2p2n1u1w) 6290 | -3/Research | System corruption reached 10% 6294 | -3/Research | Core integrity fell below 50% 6332 | -3/Research | Core integrity fell below 20% 6351 | -3/Research | Lost 24 parts (5p10n7u2w) 6602 | -3/Research | Destroyed by P-80 Master with Gamma Rifle Last Messages --------------- 06529_ Acquired Adv. Target Analyzer. 06532_ Acquired Particle Reactor. 06534_ AHFMV4URHDV8 OOS|&Q2X8VXP,MFLU Y1JAQXW 06534_ Acquired 20 matter. 06548_ Acquired Adv. Heat Sink. 06553_ %QBGYGNVD=AJAT/RW<>#TY 06558_ Acquired Imp. Antigrav System. 06564_ Acquired 10 matter. 06576_ System corrupted: Matter fused (-9). 06576_ Acquired 9 matter. 06587_ Xenon Bombardment Thruster destroyed. 06588_ P-80 Master knocked back. 06590_ Xenon Bombardment Thruster destroyed. 06592_ Acquired 4 matter. 06599_ N:Z6NQ>C5F8ZC#:WP8 O2O 06599_ Emergency Access malfunctions. 06599_ Xenon Bombardment Thruster destroyed. 06600_ G-67 Veteran knocked back. 06601_ Acquired 1 matter. 06602_ Particle Reactor destroyed. Map ----- +----------------------------------------------------+ | ?????????????????????????????????????????????????? | | ?????????????????????????????????????????????????? | | ?????????????????????????????????????????????????? | | ?????????????????????????????????????????????????? | | ?????????????????????????????????????????????????? | | ?????????????????????????????????????????????????? | | ?????????????????????????????????????????????????? | | ?????????????????????????????????????????????????? | | #####+####???????????????????????????????????????? | | ###+####????????????????????????????????? | | #????????????????????????????????? | | ! #######??????????????????????????? | | # #??????????????????????????? | | ""# #??????????????????????????? | | Y"# #??????????????????????????? | | ""# #??????????????????????????? | | """ # #??????????????????????????? | | """ # ###########????????????????? | | """ + # #????????????????? | | """ # # #????????????????? | | """ # # #????????????????? | | ### """ # # "" "" #????????????????? | | ??# """ # # %%"T"" #????????????????? | | ??# # =/%! ""!] #????????????????? | | ??# #######[ =[!| #????????????????? | | ??# #?????# @ p[%]!#????????????????? | | ??# """ ! #?????####!p#####????????????????? | | ??# """ #???????#=[g=*#??????????????????? | | ??? """ #???????#["T=!* ????????????????? | | ???? ???"" #???????#!""!= ?????????????? | | ??????????" #???????# ???????????? | | ??????????" #???????# ]####### ?????????? | | ??????????" +???????### ###???????? ?????????? | | ??????????? ??????????#^#????????????????????? | | ??????????????????????????#^#????????????????????? | | ???????????????????????????^#????????????????????? | | ??????????????????????????? #????????????????????? | | ??????????????????????????? ?????????????????????? | | ?????????????????????????????????????????????????? | | ?????????????????????????????????????????????????? | | ?????????????????????????????????????????????????? | | ?????????????????????????????????????????????????? | | ?????????????????????????????????????????????????? | | ?????????????????????????????????????????????????? | | ?????????????????????????????????????????????????? | | ?????????????????????????????????????????????????? | | ?????????????????????????????????????????????????? | | ?????????????????????????????????????????????????? | | ?????????????????????????????????????????????????? | | ?????????????????????????????????????????????????? | +----------------------------------------------------+ Best States ------------- Heat Dissipation 84 Energy Generation 57 Energy Capacity 550 Matter Stores 300 Matter Capacity 300 Sight Range 16 Robot Scan Range 20 Terrain Scan Density 10 Resistance: KI 25 Weapon Shielding 33 Evasion (%) 82 Targeting Accuracy 10 Target Analysis 8 Core Analysis 6 Recoil Reduction 2 Offensive Hacking 11 Item Schematics ----------------- None Robot Schematics ------------------ None Fabricated ------------ Nothing Repaired ---------- Nothing Alien Tech Used ----------------- None Achievements -------------- Deadly Force Dodgeball, But With Guns Universal Adapter Challenges ------------ None Game ------ Seed SystemCombatDiverter Manual? 0 Play Time 01:11:41 Cumulative 30.9 hours Start 2025.05.20 @ 17:12:12 End 2025.05.20 @ 20:08:01 Sessions 3 Manual Loads 0 Difficulty Rogue Special Mode None Game No. 41 Rogue 41 Adventurer 0 Explorer 0 Win Type - Total 0 Types 0/0/0/0/0/0/0/0/0/0 Lore% 33 Gallery% 24 Achievement% 26 Wizard Run 0 Options --------- Layout 0 ASCII 0 Keyboard 1 Movement Vi Keybinds 0 Fullscreen 1 Font 18/SmallcapsGlow Map View 76x50 Zoom Use 0% Tactical HUD 1 Map Filters NONE Filters NONE Steam 1 RUN: 48d4b259-9140-435a-9b76-0958a685b4f1